 Dungeon Crawl Stone Soup version 0.29-a0-321-gf1c400731a (webtiles) character file.

Game seed: 11711340513920632393

27 chopper the Covered (level 2, -1/27 HPs)
             Began as a Minotaur Fighter on Apr 4, 2022.
             Slain by Robin
             ... wielding a +2 mace of distortion
              (2 damage)
             ... on level 2 of the Dungeon.
             The game lasted 00:05:00 (1014 turns).

chopper the Covered (Minotaur Fighter)              Turns: 1014, Time: 00:05:00

Health: -1/27      AC:  7    Str: 20    XL:     2   Next: 93%
Magic:  1/1        EV:  9    Int:  5    God:
Gold:   76         SH:  4    Dex:  9    Spells: 1/1 levels left

rFire   . . .      SeeInvis .   a - +0 war axe
rCold   . . .      Faith    .   c - +0 buckler
rNeg    . . .      Spirit   .   b - +0 scale mail
rPois   .          Reflect  .   (helmet restricted)
rElec   .          Harm     .   (no cloak)
rCorr   .          Rampage  .   (no gloves)
Will    .....                   (no boots)
Stlth   ..........              (no amulet)
HPRegen 0.09/turn               (no ring)
MPRegen 0.07/turn               (no ring)

@: attractive
A: horns 2, retaliatory headbutt
a: no special abilities


You were on level 2 of the Dungeon.
You visited 1 branch of the dungeon, and saw 2 of its levels.

You collected 76 gold pieces.

Inventory:

Hand Weapons
 a - a +0 war axe (weapon)
Armour
 b - a +0 scale mail (worn)
 c - a +0 buckler (worn)
Scrolls
 g - a scroll of fear {unknown}
 h - a scroll of identify {unknown}
 k - a scroll of enchant armour {unknown}
Potions
 d - a potion of might
 e - a potion of resistance {unknown}
 f - a potion of attraction
 i - a potion of cancellation {unknown}
 j - a potion of degeneration {unknown}
 l - 2 potions of lignification {unknown}


   Skills:
 + Level 4.0 Fighting
 + Level 2.6 Axes
 + Level 4.1 Armour
 + Level 4.1 Shields


You had one spell level left.
You didn't know any spells.
Your spell library was empty.

Dungeon Overview and Level Annotations

Branches:
Dungeon (2/15)

Altars:

Annotations:
D:2 Robin


Innate Abilities, Weirdness & Mutations

You have a pair of horns on your head.
You reflexively headbutt those who attack you in melee.


Message History

You closely miss the goblin. The goblin closely misses you.
The goblin hits you but does no damage.
You hit the goblin.
The goblin is moderately wounded.
You hit the goblin.
You kill the goblin!
You hit the goblin. The goblin hits you with a +0 club.
You block the goblin's attack.
Your Fighting skill increases to level 4!
You hit Robin.
Robin is moderately wounded.
You hit the hobgoblin. You barely miss the goblin.
The goblin barely misses you. You furiously retaliate!
You headbutt the goblin.
You kill the goblin!
The hobgoblin closely misses you.
Robin hits you with a +2 mace of distortion.
Space warps horribly around you!
Ouch! That really hurt!
* * * LOW HITPOINT WARNING * * *
You barely miss Robin.
Robin is moderately wounded.
You closely miss the hobgoblin.
The hobgoblin no longer looks unusually strong. x2
The hobgoblin hits you but does no damage.
Robin roars a battlecry!
The goblins go into a battle-frenzy!
You closely miss Robin. Your headbutt misses Robin.
Robin is moderately wounded.
You closely miss the hobgoblin. You barely miss the hobgoblin.
The hobgoblin hits you.
* * * LOW HITPOINT WARNING * * *
Robin hits you but does no damage. The hobgoblin closely misses you.
You furiously retaliate!
You headbutt the hobgoblin. The hobgoblin barely misses you.
The hobgoblin hits you but does no damage.
A goblin comes into view. It is wielding a +0 dagger.
It was a potion of attraction.
You feel attractive to monsters.
Robin hits you with a +2 mace of distortion.
You die...

... .g. #g# #g#
###.###.###.###
.......).......
#.# ###g# #@gg#
#gg.# #...#
#...# #..#
#...# #..# .#
###.# #.. .###
#.# #.[ ....
#.# #.# ..# #.#
#.#...#..


You could see Robin, 2 hobgoblins and 2 goblins.

Vanquished Creatures
  A dart slug (D:1)
  A bat (D:1)
  2 endoplasms (D:1)
  4 goblins (D:2)
  2 hobgoblins (D:1)
  3 jackals (D:1)
  2 quokkas (D:1)
  2 frilled lizards (D:1)
  3 kobolds
  A rat (D:1)
21 creatures vanquished.

Notes
Turn   | Place    | Note
-------+----------+-------------------------------------------
     0 | D:1      | chopper the Minotaur Fighter began the quest for the Orb.
     0 | D:1      | Reached XP level 1. HP: 19/19 MP: 0/0
   253 | D:1      | Reached XP level 2. HP: 27/27 MP: 1/1
   999 | D:2      | Noticed Robin
  1013 | D:2      | HP: 1/27 [hobgoblin[Robin] (3)]
  1014 | D:2      | Slain by Robin

Illustrated notes

Levels and vault maps discovered:
D:1:      ncdulo_lavacross, layout_loops_ring
D:2:      minmay_chambers_of_ones, layout_basic, ebering_ecumenical_altar_rust,
          minmay_fractal_squares_5, uniq_robin, uniq_natasha, uniq_sigmund

Skill      XL: |  1  2 |
---------------+-------+-----
Shields        | 4 |  4.1
Armour         | 4 |  4.1
Fighting       | 4 |  4.0
Axes           | |  2.6

Action                   || total
-------------------------++-------
Melee: War axe           ||    36
       Headbutt          ||     3
  Use: Potion            ||     1
Armor: Scale mail        ||    17
Dodge: Dodged            ||    25
Block: Buckler           ||     8

Table legend: (Time is in decaauts)
 A = Elapsed time spent in this place.
 B = Non-inter-level travel time spent in this place.
 C = Inter-level travel time spent in this place.
 D = Time resting spent in this place.
 E = Time spent auto-exploring this place.
 F = Levels seen in this place.
 G = Mean time per level.
                   A        B        C        D        E       F      G
               +--------+--------+--------+--------+--------+-----+--------+
         Total |   1028 |   1028 |      0 |     48 |      0 |   2 |  514.0 |
       Dungeon |   1028 |   1028 |      0 |     48 |      0 |   2 |  514.0 |
               +--------+--------+--------+--------+--------+-----+--------+

Top non-repeatable levels by time:
     D:1: 926 daAuts
     D:2: 102 daAuts
